Map: New Repugnancy LE

Players

MarineLorD - Winner!

  • Race: Terran Terran
  • Spawn Location: 1:00

Cham

  • Race: Zerg Zerg
  • Spawn Location: 7:00

Event: 2019 WCS Summer

VOD

Have the link to the VOD?

Description

Time

  • Played on: July 13, 2019, 8:12 a.m.
  • Length: 14:05

All games in this series

Show
View Real Time Build Order
Export as new Build Order

MarineLorD Terran - Winner!

Build Orders: Gas First Reaper Expand, Hellion Banshee 

Get SALT Encoding   

  12  0:00  SCV  
  13  0:12  SCV  
  14  0:17  Supply Depot  
  14  0:24  SCV  
  15  0:29  Refinery  
  15  0:38  SCV  
  16  0:44  Barracks  
  16  0:50  SCV  
  17  1:03  SCV  
  18  1:15  SCV  
  19  1:30  Orbital Command  
  19  1:31  Reaper  
  20  1:42  Command Center  
  20  1:54  Factory  
  20  1:58  SCV  
  21  2:07  Barracks Reactor  
  21  2:10  SCV  
  21  2:13  Supply Depot  
  21  2:19  Refinery  
  21  2:22  SCV  
  22  2:34  Bunker, SCV  
  23  2:46  SCV  
  23  2:48  Starport  
  23  2:50  Marine  
  25  2:54  Orbital Command  
  25  2:58  SCV  
  25  3:05  Hellion  
  28  3:08  Hellion  
  28  3:10  Barracks Tech Lab  
  30  3:15  SCV  
  31  3:20  SCV  
  34  3:27  SCV, Hellion  
  34  3:29  Hellion  
  34  3:32  SCV  
  38  3:36  Viking  
  38  3:39  SCV  
  41  3:44  SCV  
  42  3:51  SCV  
  42  3:55  Supply Depot  
  43  3:57  Barracks Tech Lab, SCV, Supply Depot  
  44  4:03  SCV  
  44  4:06  Supply Depot  
  44  4:09  SCV  
  46  4:16  Stimpack, Marine, Banshee  
  51  4:17  SCV  
  51  4:21  SCV  
  52  4:24  Hellion  
  52  4:25  Hellion  
  52  4:29  SCV  
  57  4:33  SCV  
  57  4:34  Marine  
  59  4:42  SCV  
  59  4:43  Command Center  
  60  4:48  SCV  
  60  4:52  Marine  
  62  4:54  SCV  
  62  4:55  Factory Reactor  
  63  5:00  Barracks, SCV  
  63  5:01  Banshee  
  63  5:04  Barracks  
  63  5:06  SCV  
  68  5:10  Marine  
  68  5:12  Engineering Bay  
  68  5:14  Engineering Bay  
  69  5:15  Refinery  
  69  5:17  Supply Depot  
  69  5:22  Supply Depot  
  69  5:25  Refinery, SCV  
  70  5:38  Marine, SCV x2  
  70  5:40  Terran Infantry Weapons Level 1, Terran Infantry Armor Level 1  
  73  5:51  SCV x2  
  73  5:53  Starport Reactor  
  73  5:55  Orbital Command  
  73  5:56  Marine  
  73  5:57  Marine x4  
  74  6:03  SCV x2  
  80  6:04  Siege Tank  
  83  6:14  Marine x2  
  83  6:15  Marine x3, SCV x2  
  90  6:23  Orbital Command  
  90  6:27  Barracks  
  90  6:28  Barracks, SCV  
  90  6:29  SCV  
  90  6:32  Marine x3  
  93  6:34  Marine  
  93  6:35  Marine  
  93  6:39  Siege Tank  
  100  6:40  SCV  
  100  6:45  Supply Depot  
  100  6:46  Supply Depot  
  101  6:49  Combat Shield, Marine  
  101  6:50  Marine  
  101  6:51  Supply Depot  
  101  6:52  Medivac x2  
  101  6:54  SCV  
  108  6:56  Marine  
  109  7:06  Marine x2, SCV  
  112  7:11  Siege Tank  
  115  7:16  Barracks Reactor x2  
  115  7:17  Marine, Armory  
  115  7:21  SCV x3  
  118  7:26  Supply Depot  
  118  7:29  Supply Depot  
  118  7:30  Marine x4  
  118  7:35  Marine  
  123  7:38  SCV  
  123  7:40  Supply Depot  
  124  7:48  Refinery, Marine, SCV x2, Factory  
  124  7:49  Marine  
  124  7:50  Refinery  
  128  7:52  SCV  
  128  7:54  Marine x2  
  128  7:56  Marine x2  
  128  7:57  Marine x2  
  135  7:59  Marine  
  135  8:00  SCV  
  135  8:04  Medivac  
  139  8:06  Marine  
  139  8:07  Marine  
  139  8:08  Concussive Shells  
  139  8:11  Marine  
  139  8:12  Marine  
  142  8:14  Marine x2  
  142  8:15  Marine x2  
  142  8:16  Siege Tank  
  142  8:17  Medivac  
  144  8:21  Marine  
  144  8:24  Marine  
  144  8:25  Marine  
  145  8:29  Marine  
  145  8:30  Marine  
  145  8:31  Marine  
  145  8:32  Terran Infantry Weapons Level 2, Marine x2  
  145  8:33  Terran Infantry Armor Level 2  
  145  8:34  Medivac  
  148  8:36  Terran Vehicle Weapons Level 1  
  148  8:38  Factory Tech Lab  
  148  8:44  Supply Depot x2  
  148  8:45  Supply Depot  
  148  8:47  Medivac  
  150  8:49  Siege Tank  
  153  8:56  Marine x3  
  153  8:57  Marine  
  157  9:03  Marine  
  157  9:05  Marine x2, Medivac  
  161  9:11  Supply Depot x2  
  161  9:14  Siege Tank, Supply Depot  
  164  9:21  Command Center  
  164  9:22  Marauder, Marine x4  
  164  9:23  Marine x2  
  172  9:25  Marine  
  172  9:27  Marine  
  173  9:42  Marine x2  
  173  9:43  Marauder  
  173  9:45  Siege Tank  
  180  9:47  Medivac x2  
  180  9:51  Marine x3  
  180  9:52  Marine x3  
  186  9:57  Barracks x2  
  186  9:58  Barracks  
  175  10:00  Marine x2  
  175  10:03  Siege Tank  
  175  10:05  Marauder  
  157  10:10  Marine x2  
  157  10:13  Marine x3  
  157  10:14  Marine  
  160  10:17  Medivac x2  
  160  10:18  Marine x2  
  158  10:26  Marauder  
  160  10:28  Marine x2  
  160  10:30  Siege Tank  
  160  10:31  Marine x3  
  164  10:41  Marine  
  165  10:47  Marauder, Barracks Tech Lab x3, Medivac x2  
  165  10:48  SCV x3  
  174  10:54  Command Center  
  173  11:00  Liberator x2, SCV  
  174  11:08  Siege Tank, Sensor Tower  
  174  11:09  Marauder  
  183  11:30  Marauder  
  183  11:31  Marauder x2  
  183  11:32  Marine x4  
  191  11:33  Planetary Fortress  
  191  11:43  Liberator x2  
  164  11:51  Marauder  
  154  11:58  Starport  
  154  11:59  Starport  
  154  12:00  Fusion Core  
  159  12:02  Refinery x2, SCV x3  
  157  12:14  SCV x2  
  159  12:20  Marine x4, Marauder x4  
  171  12:24  Missile Turret  
  171  12:26  Liberator x2  
  171  12:38  Armory  
  171  12:40  Starport Tech Lab  
  171  12:41  Marauder, Starport Reactor  
  171  12:43  Marine  
  182  12:44  Marauder  
  182  12:45  Marauder, Marine x2  
  182  12:49  Marauder, Marine x3  
  191  12:53  Marine  
  189  12:59  Marine  
  189  13:01  Marine  
  189  13:02  Marauder  
  189  13:03  Marine x2  
  196  13:05  Marauder  
  196  13:07  Marauder  
  196  13:10  Marauder  
  200  13:16  Marine  
  197  13:22  Marine x2  
  197  13:24  Siege Tank, Marauder  
  199  13:27  Marine  
  199  13:33  Marauder  
  193  13:49  Missile Turret  
  191  14:00  Refinery, Command Center  
  186  14:03  Refinery  
Show
View Real Time Build Order
Export as new Build Order

Cham Zerg 

Build Orders: Pool First 

Get SALT Encoding   

  12  0:01  Drone  
  13  0:08  Drone  
  14  0:17  Overlord  
  14  0:36  Drone x2  
  14  0:40  Spawning Pool  
  15  0:44  Drone  
  16  0:52  Drone  
  17  0:58  Drone  
  18  1:13  Hatchery  
  18  1:16  Extractor  
  16  1:27  Zergling x4  
  16  1:30  Zergling x2  
  16  1:32  Queen  
  21  1:42  Overlord  
  21  1:52  Drone  
  22  2:02  Drone  
  23  2:19  Metabolic Boost, Queen  
  25  2:23  Drone x2  
  25  2:28  Drone  
  28  2:34  Drone  
  29  2:37  Drone  
  30  2:48  Hatchery  
  29  2:52  Drone  
  29  2:53  Drone  
  31  2:58  Queen  
  31  3:01  Drone  
  31  3:04  Drone  
  35  3:08  Drone  
  35  3:11  Overlord  
  36  3:17  Overlord  
  36  3:29  Drone x3  
  36  3:32  Drone  
  36  3:33  Drone x4  
  44  3:38  Queen  
  46  3:47  Zergling x4  
  48  3:52  Roach Warren  
  48  3:55  Drone x2  
  49  3:57  Evolution Chamber  
  49  4:00  Queen  
  50  4:04  Overlord  
  50  4:09  Drone  
  51  4:13  Drone  
  52  4:19  Overlord  
  52  4:21  Overlord x2  
  51  4:33  Zerg Ground Armor Level 1  
  51  4:37  Roach x3  
  57  4:41  Drone x3, Extractor  
  57  4:45  Drone x3  
  62  4:50  Spore Crawler  
  62  4:51  Spore Crawler  
  62  4:52  Drone  
  61  4:53  Drone x2  
  61  4:57  Drone x2  
  65  5:01  Spore Crawler  
  65  5:04  Drone x2  
  65  5:05  Overlord  
  65  5:06  Drone  
  67  5:11  Overlord  
  67  5:12  Drone  
  67  5:13  Drone  
  69  5:17  Queen  
  69  5:21  Lair  
  71  5:25  Overlord  
  71  5:26  Drone x2  
  73  5:35  Overlord  
  73  5:38  Drone x2, Overlord  
  73  5:42  Drone x3  
  78  5:45  Drone x5  
  78  5:47  Overlord  
  83  5:50  Drone  
  83  5:51  Drone, Extractor  
  83  5:55  Drone x2, Overlord  
  83  5:56  Drone  
  87  5:58  Extractor  
  87  5:59  Extractor  
  87  6:01  Drone  
  87  6:02  Drone, Overlord  
  87  6:13  Overlord  
  87  6:14  Zergling x4, Drone  
  87  6:15  Zergling x8  
  87  6:17  Baneling Nest  
  93  6:28  Infestation Pit  
  93  6:30  Overseer  
  92  6:33  Drone x2  
  92  6:38  Roach x2  
  92  6:39  Zergling x6, Roach x3  
  107  6:43  Overlord  
  107  6:45  Hatchery  
  106  6:48  Spore Crawler  
  105  6:54  Zerg Missile Weapons Level 1  
  105  6:55  Glial Reconstitution  
  105  6:57  Drone x3  
  105  6:58  Extractor, Overlord  
  107  7:01  Overlord  
  107  7:06  Centrifical Hooks  
  104  7:13  Drone  
  104  7:14  Drone x6  
  107  7:23  Drone  
  107  7:25  Drone x2  
  107  7:26  Drone, Ravager x2  
  107  7:27  Drone, Ravager  
  107  7:28  Zergling x2, Drone x2  
  118  7:32  Zergling x4  
  118  7:35  Baneling  
  118  7:36  Baneling x5, Ravager  
  121  7:40  Zergling x4, Hive  
  121  7:42  Zergling x2  
  124  7:47  Zergling x2, Extractor  
  124  7:50  Zergling x8  
  124  7:51  Zergling x4  
  130  7:52  Extractor  
  130  7:54  Overseer  
  130  7:56  Zergling x4, Queen  
  133  7:58  Zergling x2  
  133  8:03  Zergling x4  
  136  8:06  Zergling x2  
  136  8:10  Overlord  
  136  8:11  Zergling x2  
  128  8:24  Drone x2  
  128  8:25  Drone x8  
  126  8:34  Drone x3  
  126  8:38  Drone  
  126  8:40  Zergling x4, Evolution Chamber  
  126  8:41  Zergling x2  
  131  8:42  Zergling x4  
  131  8:43  Zergling x2, Overseer  
  131  8:46  Ravager  
  131  8:47  Baneling x6, Ravager  
  131  8:48  Zergling x4, Overlord  
  138  8:49  Zergling x4  
  138  8:50  Zergling x4  
  138  8:51  Zerg Ground Armor Level 2  
  138  8:52  Zergling x2  
  138  8:53  Adrenal Glands  
  143  8:56  Ultralisk Cavern  
  143  9:00  Zergling x4  
  143  9:03  Drone x2  
  143  9:09  Zerg Melee Weapons Level 1  
  145  9:12  Drone x2  
  145  9:13  Zergling x2, Drone x2, Overlord  
  145  9:16  Zergling x4  
  152  9:19  Hatchery  
  152  9:20  Baneling x2  
  149  9:32  Zergling x2  
  149  9:33  Zergling x20  
  149  9:34  Baneling x3  
  149  9:35  Baneling x4  
  158  9:39  Zergling x2  
  158  9:41  Zergling x2  
  158  9:42  Zergling x2  
  158  9:44  Zergling x4  
  163  9:50  Zergling x8  
  163  9:51  Zergling x2  
  163  9:52  Zergling x2  
  124  10:09  Zergling x12  
  124  10:10  Zergling x8  
  128  10:17  Ultralisk  
  128  10:18  Ultralisk  
  137  10:23  Hatchery  
  137  10:25  Ultralisk  
  142  10:35  Ultralisk  
  146  10:36  Viper x2  
  152  10:55  Overlord x3  
  152  10:57  Spire  
  151  10:58  Overlord  
  151  10:59  Drone  
  152  11:04  Overlord  
  152  11:07  Baneling  
  152  11:08  Baneling x4  
  152  11:16  Zergling x10  
  152  11:17  Zergling x8  
  152  11:18  Zergling x2  
  162  11:20  Baneling  
  162  11:21  Baneling x4  
  162  11:22  Zergling x4  
  160  11:28  Ultralisk Cavern  
  158  11:33  Zergling x4  
  140  11:53  Drone x3  
  140  11:54  Drone x10  
  138  12:01  Zergling x4  
  138  12:09  Zerg Flyer Weapons Level 1  
  138  12:11  Overlord  
  138  12:12  Drone x3  
  138  12:15  Zergling x2, Extractor  
  141  12:17  Baneling x8  
  141  12:18  Zergling x4  
  141  12:19  Chitinous Plating  
  141  12:22  Zergling x2, Ultralisk x2  
  156  12:24  Zergling x2  
  156  12:25  Overseer  
  156  12:28  Zergling x2  
  158  12:31  Zergling x4  
  158  12:35  Zergling x6  
  158  12:36  Zergling x4  
  165  12:39  Queen  
  165  12:41  Queen  
  165  12:42  Overlord  
  169  12:44  Corruptor x2  
  159  13:03  Zergling x10  
  159  13:05  Drone x2  
  163  13:11  Corruptor x3  
  169  13:18  Zergling x2  
  149  13:28  Drone x12  
  156  13:41  Baneling x4  
Tags
 
Add a new tag
Caveats
  • Supply blocks, unpowered buildings, or Contaminate may cause inaccurate times.
  • Supply counts are checked every 10 seconds.